 Dungeon Crawl Stone Soup version 0.17-a0-2171-ga91b4ec (webtiles) character file.

144 fredomojojo the Gusty (level 5, 0/40 HPs)
             Began as a Draconian Air Elementalist on Oct 24, 2015.
             Was an Initiate of the Shining One (penitent).
             Succumbed to a scorpion's poison
             ... on level 3 of the Dungeon on Oct 25, 2015.
             The game lasted 01:00:24 (2777 turns).

fredomojojo the Gusty (Draconian Air Elementalist)  Turns: 2777, Time: 01:00:24

Health: 0/40       AC:  5    Str: 11    XL:     5   Next: 5%
Magic:  2/8        EV: 15    Int: 16    God:    the Shining One [*]
Gold:   181        SH:  0    Dex: 11    Spells: 2 memorised, 5 levels left

rFire  + . .     SeeInvis .     j - +2 short sword (drain)
rCold  + . .     Clarity  .     (armour unavailable)
rNeg   + . .     SustAt   .     (no shield)
rPois  +         Gourm    .     (helmet restricted)
rElec  +         Spirit   .     (no cloak)
rCorr  +         Warding  .     (no gloves)
rMut   .         Stasis   .     (no boots)
MR     .....                    (no amulet)
Stlth  ++........               i - +3 ring of evasion
                                l - ring of positive energy

@: lethally poisoned (0 -> -2), sluggish, resistant, very slow, not resistant to
hostile enchantments, unstealthy
A: unfitting armour, cold-blooded, AC +5
a: Renounce Religion


You were on level 3 of the Dungeon.
You worshipped the Shining One.
The Shining One was demanding penance.
You were not hungry.

You visited 1 branch of the dungeon, and saw 4 of its levels.

You collected 181 gold pieces.

Inventory:

Hand Weapons
 d - a +0 club
 j - a +2 short sword of draining (weapon)
 k - a +0 dagger
Missiles
 h - 151 stones (quivered)
Armour
 e - a +0 pair of gloves
Jewellery
 i - a +3 ring of evasion (right hand)
 l - a ring of positive energy (left hand)
Wands
 g - a wand of teleportation (1)
 p - a wand of random effects (16)
 q - a wand of polymorph (4)
Scrolls
 f - 2 scrolls of identify
Books
 a - a book of Air

   Spells                             Type                      Level
   a - Shock                          Conjuration/Air              1
   b - Swiftness                      Charms/Air                   2
   c - Repel Missiles                 Charms/Air                   2
   d - Static Discharge               Conjuration/Air              3
   e - Lightning Bolt                 Conjuration/Air              5
Comestibles
 b - a bread ration
 c - 2 meat rations
 n - 2 fruits


   Skills:
 * Level 1.0 Fighting
 * Level 1.1 Short Blades
 + Level 0.5 Throwing
 + Level 2.5 Dodging
 + Level 1.9 Stealth
 + Level 2.4 Spellcasting
 * Level 2.3 Conjurations
 * Level 3.8 Air Magic


You had 5 spell levels left.
You knew the following spells:

 Your Spells              Type           Power        Failure   Level  Hunger
a - Shock                 Conj/Air       ##..         8%          1    #......
b - Swiftness             Chrm/Air       #.......     14%         2    ###....


Dungeon Overview and Level Annotations

Branches:
Dungeon (4/15)
 Temple: D:4-7

Altars:
Trog
The Shining One


Innate Abilities, Weirdness & Mutations

Your plain brown scales are hard (AC +5).
Your body does not fit into most forms of armour.
You are cold-blooded and may be slowed by cold attacks.


Message History

There is a lethal amount of poison in your body!
There is a lethal amount of poison in your body!
There is a lethal amount of poison in your body!
There is a lethal amount of poison in your body!
There is a lethal amount of poison in your body!
There is a lethal amount of poison in your body!
There is a lethal amount of poison in your body!
There is a lethal amount of poison in your body!
There is a lethal amount of poison in your body!
There is a lethal amount of poison in your body!
There is a lethal amount of poison in your body!
There is a lethal amount of poison in your body!
There is a lethal amount of poison in your body!
There is a lethal amount of poison in your body!
There is a lethal amount of poison in your body!
* * * LOW HITPOINT WARNING * * *
You feel sick.
There is a stone staircase leading down here.
You start to feel a little faster.
You die...

#..# #..#
#..######
#.......#
#.#####.# #.#
#.# #.# #.# #
#.#####.#####..#
#.....@........#
################


There were no monsters in sight!

Vanquished Creatures
  2 orc priests (D:3)
  3 adders (D:2)
  A giant gecko (D:3)
  4 orcs (D:3)
  2 ball pythons
  8 bats
  A giant cockroach (D:3)
  6 goblins
  5 hobgoblins
  13 jackals
  6 kobolds
  A giant newt (D:1)
  9 rats
61 creatures vanquished.

Notes
Turn   | Place    | Note
--------------------------------------------------------------
     0 | D:1      | fredomojojo the Draconian Air Elementalist began the quest for the Orb.
     0 | D:1      | Reached XP level 1. HP: 14/14 MP: 3/3
   713 | D:1      | Reached XP level 2. HP: 17/20 MP: 3/5
  1147 | D:1      | Upgraded the game from 0.17-a0-2147-gfb20a63 to 0.17-a0-2171-ga91b4ec
  1356 | D:1      | Learned a level 2 spell: Swiftness
  1362 | D:2      | Reached XP level 3. HP: 26/26 MP: 4/6
  1846 | D:3      | Reached XP level 4. HP: 34/34 MP: 5/7
  1881 | D:2      | Reached skill level 1 in Short Blades
  2096 | D:2      | Found a bloodstained altar of Trog.
  2192 | D:2      | Found a glowing golden altar of the Shining One.
  2199 | D:2      | Became a worshipper of the Shining One
  2440 | D:3      | Reached skill level 1 in Fighting
  2487 | D:3      | Reached XP level 5. HP: 40/40 MP: 6/8
  2509 | D:3      | Was placed under penance by the Shining One
  2763 | D:4      | Noticed a centaur
  2763 | D:4      | a scorpion changed into a centaur
  2765 | D:4      | a centaur changed into a scorpion
  2771 | D:3      | HP: 2/40 [poisoned by a scorpion]
  2777 | D:3      | Succumbed to a scorpion's poison

Vault maps used:
D:1:      minmay_arrival_doors, minmay_misc_feat_iff
D:2:      tso_altar, lemuel_coloured_pillars_altar, kennysheep_generic_room_10
D:4:      grunt_temple_overflow_diamond, kennysheep_little_box,
          uniq_blork_the_orc

Action                   |  1- 3 |  4- 6 || total
-------------------------+-------+-------++-------
Melee: Unarmed           |    13 |       ||    13
       Club              |    29 |       ||    29
       Dagger            |    22 |       ||    22
       Short sword       |     6 |    29 ||    35
Throw: Stone             |    14 |     8 ||    22
 Cast: Shock             |    50 |    32 ||    82
       Swiftness         |     3 |     1 ||     4
Evoke: Wand              |       |     3 ||     3
  Use: Scroll            |     5 |     2 ||     7
       Potion            |     1 |     2 ||     3
 Stab: Sleeping          |     2 |       ||     2
  Eat: Bread ration      |     1 |     1 ||     2
       Chunk             |       |     2 ||     2
